 Dungeon Crawl Stone Soup version 0.29.1-12-g30fa7ad0bf (webtiles) character file.

Game seed: 6239412252773941570

5595 112233 the Zephyrmancer (level 10, -8/68 HPs)
             Began as an Octopode Air Elementalist on Dec 22, 2022.
             Was an Initiate of Gozag.
             Shot with an arrow by a centaur (12 damage)
             ... on level 8 of the Dungeon.
             The game lasted 00:13:42 (15439 turns).

112233 the Zephyrmancer (OpAE)                     Turns: 15439, Time: 00:13:42

Health: -8/68      AC:  1    Str:  8    XL:     10   Next: 73%
Magic:  1/22       EV: 15    Int: 22    God:    Gozag
Gold:   241        SH:  0    Dex: 12    Spells: 15/25 levels left

rFire   . . .      SeeInvis .   g - +2 dagger (venom)
rCold   . . .      Faith    .   (no shield)
rNeg    . . .      Spirit   .   (helmet restricted)
rPois   .          Reflect  .   r - amulet of regeneration
rElec   .          Harm     .   q - ring of flight
rCorr   +          Rampage  .   f - ring of resist corrosion
Will    +....                   (no ring)
Stlth   +++.......              (no ring)
HPRegen 1.01/turn               (no ring)
MPRegen 0.18/turn               (no ring)
                                (no ring)
                                (no ring)

@: mighty, gold aura, flying, studying Shields
A: almost no armour, amphibious, 8 rings, camouflage 1, gelatinous body 1,
(nimble swimmer 1), tentacles, tentacle spike 1, strong-willed 1
a: Renounce Religion, Potion Petition, Call Merchant, Bribe Branch


You were on level 8 of the Dungeon.
You worshipped Gozag.
Gozag was aware of your devotion.
You visited 3 branches of the dungeon, and saw 11 of its levels.
You also visited: Ossuary and Bailey.

You collected 835 gold pieces.
You spent 408 gold pieces at shops.
You paid 186 gold pieces to Gozag.

Inventory:

Hand Weapons
 g - a +2 dagger of venom (weapon)
 m - a +0 war axe
 n - a +1 short sword of protection
Armour
 t - a +1 kite shield
Jewellery
 f - a ring of resist corrosion (right tentacle)
 o - a ring of fire
 q - a ring of flight (left tentacle)
 r - an amulet of regeneration (around mantle)
Wands
 e - a wand of polymorph (13)
 i - a wand of flame (8)
Scrolls
 a - a scroll of vulnerability
 b - 4 scrolls of identify
 c - 2 scrolls of immolation
 k - a scroll of fog
 s - 4 scrolls of amnesia
 u - 3 scrolls of noise
 v - a scroll of silence
 x - a scroll of brand weapon
 y - a scroll of poison
Potions
 j - a potion of flight {unknown}
 l - a potion of berserk rage
 p - 2 potions of attraction
 w - 3 potions of might
 A - 2 potions of mutation


   Skills:
 + Level 5.9 Fighting
 + Level 6.3 Dodging
 - Level 2.6 Stealth
 + Level 8.4 Spellcasting
 - Level 1.0 Conjurations
 + Level 10.1 Air Magic


You had 15 spell levels left.
You knew the following spells:

 Your Spells              Type           Power      Damage    Failure   Level
a - Shock                 Conj/Air       100%       1d9       1%          1
b - Static Discharge      Conj/Air       33%        3-8/arc   1%          2
c - Airstrike             Air            26%        2d(4-20)  1%          4
d - Swiftness             Air            52%        N/A       1%          3

Your spell library contained the following spells:

 Spells                   Type           Power      Damage    Failure   Level
 Mephitic Cloud           Conj/Pois/Air  25%        N/A       4%          3
 Apportation              Tloc           18%        N/A       7%          1
 Summon Lightning Spire   Summ/Air       31%        N/A       9%          4
 Lightning Bolt           Conj/Air       16%        1d30      21%         5
 Freezing Cloud           Conj/Ice/Air   12%        6-21      38%         5
 Summon Ice Beast         Ice/Summ       9%         N/A       56%         4
 Summon Mana Viper        Hex/Summ       9%         N/A       89%         5
 Monstrous Menagerie      Summ           4%         N/A       100%        7
 Polar Vortex             Ice            4%         N/A       100%        9
 Simulacrum               Ice/Necr       Unusable   N/A       N/A         6

Dungeon Overview and Level Annotations

Branches:
Dungeon (9/15)             Temple (1/1) D:7            Lair (1/5) D:8
Ossuary (visited)          Bailey (visited)
    Orc: D:9-12

Altars:
Cheibriados
Dithmenos
Elyvilon
Fedhas
Gozag
Hepliaklqana
Makhleb
Nemelex Xobeh
Okawaru
Qazlal
Sif Muna
Trog
Uskayaw
Wu Jian
Xom
Yredelemnul
The Shining One

Shops:
D:1 **:[   D:7 [

Annotations:
D:1 exclusion: downstairs
D:2 exclusion: downstairs
D:3 3 runed translucent doors, exclusion: downstairs, EarthwalkerPL's ghost, weakling MiHu; IcyTea's ghost, amateur DgIE; Labrat's ghost, amateur DgCj; Peloso's ghost, weakling MiFi; jaiteiro's ghost, amateur GnCj
D:4 exclusion: downstairs
D:5 1 runed translucent door, exclusion: downstairs, Crazy Yiuf
D:7 exclusions: downstairs and upstairs
D:8 Gastronok


Innate Abilities, Weirdness & Mutations

You cannot wear most types of armour.
You are amphibious.
You can wear up to eight rings at the same time.
Your skin changes colour to match your surroundings (Stealth+).
Your rubbery body absorbs attacks. (AC +1, EV +1)
((You are camouflaged when in or above water. (Stealth+)))
You have tentacles for arms and can constrict up to eight enemies at once.
One of your tentacles bears a spike.
You are strong-willed. (Will+)


Message History

You are struck by an arc of lightning.
The killer bee is struck by an arc of lightning.
The killer bee is moderately wounded.
The lightning grounds out.
The killer bee is struck by an arc of lightning!
You kill the killer bee!
The centaur is struck by an arc of lightning!
The centaur is heavily wounded.
The jelly is struck by an arc of lightning!
The jelly is heavily wounded.
The lightning grounds out.
The centaur shoots an arrow.
The arrow hits you! The killer bee misses you.
The centaur shoots an arrow.
The arrow hits you! The killer bee closely misses you.
Unknown command.
Casting: Static Discharge (safe; 1% risk of failure)
Confirm with . or Enter, or press ? or * to list all spells.
The killer bee is struck by an arc of lightning!
The killer bee is almost dead.
You are struck by an arc of lightning.
* * * LOW HITPOINT WARNING * * *
The killer bee is struck by an arc of lightning.
You kill the killer bee!
You are struck by an arc of lightning.
* * * LOW HITPOINT WARNING * * *
The lightning grounds out.
The centaur shoots an arrow.
The arrow hits you!
* * * LOW HITPOINT WARNING * * *
You feel much better.
The centaur shoots an arrow.
The arrow hits you!
* * * LOW HITPOINT WARNING * * *
The centaur shoots an arrow.
The arrow hits you!
* * * LOW HITPOINT WARNING * * *
Unknown command.
Okay, then.
Okay, then.
Okay, then.
Okay, then.
It was a potion of might.
You feel very mighty all of a sudden.
The centaur shoots an arrow.
The arrow hits you!
You die...
Your body crumbles into a pile of gold.

### . #.. .. #.#
... #.# ....
#######.# :.#..
#.......###.$.#.y
$ $
+...###[$cJy..#l.
# #@###...#y. $
#$# ..#y. #)#
.y$. #.# .J.
#########.#####
..
..........<...# .
$ #######.#######
#.# #.######.##


You could see a centaur, a jelly and a killer bee.

Vanquished Creatures
  A two-headed ogre (D:8)
  Maggie (D:7)
  A cane toad (Lair:1)
  A yak (D:8)
  A wyvern (D:8)
  Menkaure (D:7)
  Edmund (D:5)
  A water moccasin (D:6)
  4 sky beasts
  2 ice beasts (D:6)
  10 orc warriors
  3 black bears
  2 centaurs (D:6)
  A kobold brigand (D:6)
  A bullfrog (D:7)
  3 necrophages
  7 scorpions
  3 wights (D:6)
  7 killer bees
  A howler monkey (D:8)
  A bullfrog zombie (Ossuary)
  A quasit (D:5)
  A hound (D:4)
  3 orc priests
  A mummy (Ossuary)
  3 iguanas
  5 orc wizards
  Robin (D:2)
  2 gnolls (D:9)
  7 adders
  A shadow imp (D:6)
  2 white imps
  2 ufetubi
  A worm (D:2)
  5 dart slugs
  36 orcs
  13 bats
  5 endoplasms
  A giant cockroach (D:1)
  15 goblins
  5 hobgoblins
  2 jackals (D:1)
  11 kobolds
  3 quokkas
  7 ball pythons
  6 frilled lizards
  5 rats
197 creatures vanquished.

Vanquished Creatures (others)
  2 demonic plants (D:5)
  A fungus (D:8)
  A plant (D:8)
  7 withered plants (Ossuary)
11 creatures vanquished.

Grand Total: 208 creatures vanquished

Notes
Turn   | Place    | Note
-------+----------+-------------------------------------------
     0 | D:1      | 112233 the Octopode Air Elementalist began the quest for
                  | the Orb.
     0 | D:1      | Reached XP level 1. HP: 11/11 MP: 3/3
   367 | D:1      | Found Ejegur's Book Emporium.
   400 | D:1      | Reached XP level 2. HP: 17/17 MP: 1/5
   469 | D:1      | Learned a level 2 spell: Static Discharge
   528 | D:1      | Found Zoerutuch's Antique Armour Shop.
  1034 | D:1      | Reached skill level 4 in Air Magic
  1055 | D:1      | Found Xotosulo's Assorted Antiques.
  1144 | D:1      | Reached XP level 3. HP: 21/21 MP: 4/6
  1194 | D:1      | Found Faxirafu's Assorted Antiques.
  1289 | D:1      | Found a faded altar of an unknown god.
  1400 | D:1      | Learned a level 3 spell: Swiftness
  1912 | D:2      | HP: 1/21 [worm (12)]
  3015 | D:3      | Noticed Robin
  3500 | D:3      | Reached XP level 4. HP: 22/27 MP: 1/7
  4198 | D:2      | Killed Robin
  4371 | D:3      | Found a runed translucent gate.
  4371 | D:3      | Noticed IcyTea's ghost (amateur DgIE)
  4372 | D:3      | Found a runed translucent gate.
  4372 | D:3      | Noticed Peloso's ghost (weakling MiFi)
  4373 | D:3      | Found a runed translucent gate.
  4373 | D:3      | Noticed EarthwalkerPL's ghost (weakling MiHu)
  4373 | D:3      | Noticed jaiteiro's ghost (amateur GnCj)
  4373 | D:3      | Noticed Labrat's ghost (amateur DgCj)
  5082 | D:4      | Found a sand-covered staircase.
  5112 | Ossuary  | Entered an ossuary
  5123 | Ossuary  | Reached skill level 5 in Air Magic
  5123 | Ossuary  | Reached XP level 5. HP: 31/31 MP: 4/9
  5489 | D:5      | Entered Level 5 of the Dungeon
  5662 | D:5      | Reached XP level 6. HP: 24/36 MP: 0/11
  6194 | D:5      | Reached skill level 6 in Air Magic
  6260 | D:5      | Noticed Edmund
  6792 | D:5      | Reached XP level 7. HP: 38/41 MP: 4/13
  7737 | D:4      | Reached skill level 5 in Spellcasting
  7934 | D:4      | Reached skill level 7 in Air Magic
  7939 | D:4      | Learned a level 4 spell: Airstrike
  8396 | D:4      | Reached XP level 8. HP: 38/46 MP: 8/16
  9542 | D:5      | Found a runed translucent door.
  9543 | D:5      | Noticed Crazy Yiuf
  9568 | D:5      | Killed Edmund
  9829 | D:6      | Reached skill level 8 in Air Magic
 10026 | D:6      | Found a hide-covered altar of Uskayaw.
 10113 | D:6      | Found a burning altar of Makhleb.
 10170 | D:6      | Reached skill level 1 in Fighting
 10274 | D:7      | Found Cheibriados's Comfort Zone.
 10278 | D:7      | Found a snail-covered altar of Cheibriados.
 10295 | D:7      | Gained mutation: You are strong-willed. (Will+) [potion of
                  | mutation]
 10295 | D:7      | Gained mutation: One of your tentacles bears a spike.
                  | [potion of mutation]
 10337 | D:7      | Noticed Menkaure
 10342 | D:7      | Killed Menkaure
 10343 | D:7      | Reached XP level 9. HP: 54/54 MP: 3/19
 10353 | D:8      | Noticed Gastronok
 10375 | D:7      | Noticed Maggie
 10405 | D:7      | Killed Maggie
 10560 | D:7      | Found a flagged portal.
 10572 | Bailey   | Entered a bailey
 11464 | Bailey   | Reached skill level 9 in Air Magic
 12374 | Bailey   | Noticed an orc knight
 12410 | D:7      | Found a staircase to the Ecumenical Temple.
 12419 | Temple   | Entered the Ecumenical Temple
 12424 | Temple   | Became a worshipper of Gozag Ym Sagoz the Greedy
 12962 | D:6      | Reached skill level 5 in Dodging
 13014 | D:6      | Reached XP level 10. HP: 45/65 MP: 12/21
 13778 | D:6      | Reached skill level 5 in Fighting
 13982 | D:8      | Found a staircase to the Lair.
 14006 | Lair:1   | Entered Level 1 of the Lair of Beasts
 14152 | Lair:1   | Noticed a cane toad
 14158 | Lair:1   | Killed a cane toad
 14687 | D:1      | Bought Tuolag's Quarto of the Map and Feathers for 408 gold
                  | pieces
 15155 | D:8      | Noticed a two-headed ogre
 15162 | D:8      | Killed a two-headed ogre
 15163 | D:8      | Reached skill level 10 in Air Magic
 15438 | D:8      | HP: 3/68 [centaur/arrow (9)]
 15439 | D:8      | Shot with an arrow by a centaur

Illustrated notes

Levels and vault maps discovered:
D:1:      heliophobic_arrival_henge, layout_loops_corners, serial_shops,
          nicolae_shop_waterfront, nicolae_shop_advertising_works
          [nicolae_subvault_shop_adworks], nicolae_shop_overgrown_old_shop,
          shop, hellmonk_ecumenical_altar_leap_of_faith
D:2:      layout_basic
D:3:      layout_rooms, portal_sewer_entry_c, gammafunk_ghost_cemetery,
          wander_ebering_terrifying_dragon_lair, uniq_robin
D:4:      layout_rooms, enter_ossuary_1, roderic_batcave,
          kennysheep_small_square
D:5:      layout_basic, serial_demonic, serial_demonic_e, serial_demonic_g,
          serial_demonic_c, serial_demonic_c, amcnicky_mini_pool_small,
          uniq_crazy_yiuf_cottage, uniq_edmund
D:6:      layout_basic, mainiacjoe_overflow_catwalk_spiral
D:7:      layout_rooms, minmay_temple_entry_hall, enter_bailey_3,
          minmay_shop_chei, kennysheep_generic_room_14, uniq_menkaure,
          uniq_maggie
D:8:      layout_loops_ring, minmay_overflow_temple_star_hex,
          david_lair_generic, grunt_potential, uniq_gastronok, uniq_amaemon
D:9:      layout_loops_cross, serial_shops, nicolae_shop_behind_doors,
          kennysheep_pointless_box
Temple:   minmay_freezing_vapour_temple
Lair:1:   layout_big_grid, infiniplex_staircase_pool_2, grunt_megastairs_1,
          uniq_nergalle

Skill      XL: |  1  2  3  4  5  6  7  8  9 10 |
---------------+-------------------------------+-----
Air Magic      | 4 5 6 7 8 9 10 | 10.1
Spellcasting   | 3 4 5 6 7 8 |  8.4
Fighting       | 2 4 5 |  5.9
Dodging        | 3 5 6 |  6.3
Stealth        | |  2.6
Conjurations   | |  1.0

Action                   |  1- 3 |  4- 6 |  7- 9 | 10-12 || total
-------------------------+-------+-------+-------+-------++-------
Melee: Unarmed           |    16 |       |       |       ||    16
       Constrict         |     5 |     1 |     6 |     8 ||    20
       Tentacles         |     3 |     2 |     9 |     8 ||    22
       Short sword       |       |     5 |       |       ||     5
       Dagger            |       |       |    44 |    32 ||    76
       Kick              |       |       |     8 |    16 ||    24
       Punch             |       |       |     1 |     1 ||     2
 Cast: Shock             |    87 |    81 |    50 |       ||   218
       Static Discharge  |     3 |    21 |    21 |     6 ||    51
       Airstrike         |       |       |    90 |    54 ||   144
       Swiftness         |       |       |     1 |       ||     1
Evoke: Wand              |       |       |       |     3 ||     3
  Use: Potion            |     1 |       |    10 |     6 ||    17
       Scroll            |       |     3 |     9 |     2 ||    14
 Stab: Sleeping          |     1 |     1 |     2 |       ||     4
       Invisible         |       |       |     2 |       ||     2
       Distracted        |       |       |       |     1 ||     1
Armor: Skin              |     3 |     3 |    14 |     2 ||    22
Dodge: Dodged            |    25 |    26 |    90 |    48 ||   189
